Map: World of Sleepers LE

Players

Bhutan - Winner!

  • Race: Protoss Protoss
  • League: Master
  • Spawn Location: 1:00

Mez

  • Race: Terran Terran
  • League: Master
  • Spawn Location: 7:00

VOD

Have the link to the VOD?

Description

Time

  • Played on: Sept. 5, 2019, 7:15 a.m.
  • Length: 14:02
Show
View Real Time Build Order
Export as new Build Order

Bhutan Protoss - Winner!

Build Orders: 1 Gate Expand, Double Forge, Blink Stalkers 

Get SALT Encoding   

  12  0:01  Probe  
  13  0:13  Probe  
  14  0:18  Pylon  
  14  0:25  Probe  
  15  0:34  Probe  
  15  0:37  Gateway  
  15  0:42  Probe  
  16  0:47  Assimilator  
  17  0:51  Probe  
  18  1:03  Probe  
  19  1:15  Probe  
  20  1:27  Cybernetics Core, Probe  
  21  1:38  Nexus  
  21  1:46  Pylon  
  21  1:48  Probe  
  22  1:54  Adept, Assimilator  
  22  2:00  Probe  
  23  2:05  Warp Gate  
  25  2:10  Probe  
  26  2:18  Probe  
  27  2:24  Stalker  
  27  2:26  Probe  
  29  2:33  Pylon  
  30  2:39  Probe  
  30  2:43  Twilight Council  
  31  2:48  Probe  
  31  2:51  Probe  
  32  2:56  Probe  
  33  3:03  Probe  
  33  3:05  Sentry  
  36  3:09  Probe  
  36  3:11  Probe  
  38  3:14  Robotics Facility  
  38  3:18  Blink  
  39  3:20  Probe  
  39  3:21  Probe  
  41  3:32  Probe  
  41  3:34  Probe  
  43  3:36  Gateway  
  43  3:38  Gateway  
  43  3:44  Probe  
  43  3:46  Probe  
  45  3:56  Probe  
  45  3:58  Probe  
  45  4:01  Observer  
  48  4:03  Stalker  
  48  4:04  Pylon  
  48  4:07  Assimilator  
  48  4:08  Probe  
  51  4:23  Probe  
  52  4:30  Probe  
  53  4:34  Observer  
  53  4:35  Probe, Nexus  
  53  4:37  Pylon  
  53  4:40  Stalker  
  53  4:44  Pylon  
  53  4:45  Stalker  
  57  4:47  Stalker  
  57  4:49  Probe  
  60  4:54  Assimilator  
  60  4:56  Probe  
  60  4:57  Forge  
  60  4:58  Forge  
  61  5:01  Observer  
  62  5:07  Probe  
  62  5:08  Probe  
  62  5:09  Stalker x2  
  62  5:10  Charge  
  68  5:15  Pylon  
  68  5:19  Probe  
  69  5:22  Pylon, Probe  
  69  5:28  Protoss Ground Weapons Level 1  
  70  5:29  Protoss Ground Armor Level 1  
  70  5:31  Probe  
  70  5:33  Immortal  
  70  5:34  Probe  
  76  5:36  Zealot x2  
  76  5:37  Zealot  
  82  5:44  Probe  
  82  5:46  Probe  
  84  5:51  Probe  
  84  5:56  Probe  
  86  5:58  Gateway  
  86  6:02  Gateway  
  86  6:09  Gateway  
  86  6:11  Gateway  
  86  6:13  Gateway  
  86  6:24  Probe  
  86  6:25  Gateway, Probe  
  88  6:26  Probe  
  88  6:27  Gateway  
  89  6:33  Gateway  
  89  6:40  Probe x2  
  89  6:41  Immortal  
  89  6:42  Probe  
  96  6:47  Robotics Bay  
  96  6:49  Pylon  
  96  6:52  Probe x2  
  96  6:53  Assimilator  
  98  6:56  Photon Cannon  
  98  6:57  Assimilator  
  98  7:02  Sentry  
  98  7:03  Zealot, Sentry  
  98  7:04  Zealot x2  
  108  7:09  Pylon  
  108  7:10  Stalker  
  108  7:11  Stalker  
  108  7:12  Zealot  
  110  7:29  Zealot x2  
  104  7:30  Zealot x4  
  104  7:31  Zealot x2  
  104  7:34  Immortal  
  119  7:41  Protoss Ground Weapons Level 2  
  119  7:44  Protoss Ground Armor Level 2  
  111  7:55  Stalker x2  
  111  7:56  Zealot x2, Stalker  
  111  7:57  Zealot x2  
  111  7:58  Zealot x3  
  123  8:05  Photon Cannon  
  125  8:08  Pylon  
  125  8:10  Pylon  
  125  8:25  Extended Thermal Lance  
  125  8:26  Observer  
  126  8:35  Templar Archives  
  126  8:38  Nexus, Stalker  
  126  8:39  Pylon  
  128  8:42  Zealot x2  
  128  8:44  Probe  
  133  8:51  Zealot x3  
  135  9:04  Colossus  
  135  9:07  Zealot x3  
  143  9:12  Zealot  
  143  9:18  Zealot x2  
  145  9:27  Stalker  
  145  9:29  High Templar  
  149  9:38  Zealot x3  
  135  9:39  Zealot  
  135  9:42  Zealot x2  
  135  9:52  High Templar  
  125  9:53  Colossus, Zealot, High Templar x2  
  125  9:56  Protoss Ground Weapons Level 3, Archon  
  125  9:57  Archon, Protoss Ground Armor Level 3  
  137  10:05  Zealot x4  
  145  10:07  High Templar x2  
  145  10:11  Sentry  
  145  10:12  Archon  
  139  10:28  Stalker x3  
  139  10:29  Zealot x5  
  145  10:41  Colossus  
  145  10:48  Zealot x2  
  145  10:49  Zealot  
  157  10:55  Stalker x3  
  163  10:59  Pylon  
  163  11:02  Pylon  
  163  11:04  Pylon  
  163  11:09  Psionic Storm  
  163  11:12  Pylon  
  147  11:35  Warp Prism  
  143  11:40  Stalker  
  143  11:41  Zealot x2, Stalker x2  
  143  11:42  Zealot x4  
  143  11:43  Zealot  
  163  11:54  Unknown  
  163  11:56  Photon Cannon  
  163  11:58  Photon Cannon  
  163  12:08  Probe  
  164  12:18  Nexus  
  164  12:19  Zealot  
  164  12:20  Pylon, Zealot x6  
  164  12:22  Pylon  
  164  12:31  Colossus  
  170  12:46  Stargate  
  170  12:48  Stargate, High Templar x5  
  180  12:53  Zealot  
  180  12:54  Zealot x3  
  188  13:01  Stargate  
  186  13:14  Stalker  
  186  13:15  Zealot  
  186  13:16  Zealot x2  
  172  13:45  Archon  
  172  13:46  Archon  
  162  13:50  Zealot x4  
  162  13:51  Zealot x5  
  162  13:52  Zealot x2  
Show
View Real Time Build Order
Export as new Build Order

Mez Terran 

Build Orders: Reaper Expand 

Get SALT Encoding   

  12  0:00  SCV  
  13  0:12  SCV  
  14  0:17  Supply Depot  
  14  0:25  SCV  
  15  0:38  SCV  
  15  0:40  Barracks  
  16  0:44  Refinery  
  16  0:50  SCV  
  17  1:02  SCV  
  18  1:14  SCV  
  19  1:27  Orbital Command, Reaper  
  20  1:40  Command Center  
  20  1:49  Bunker  
  20  1:53  SCV  
  21  1:58  Supply Depot  
  21  2:01  Marine  
  22  2:05  SCV  
  23  2:20  Barracks Reactor  
  23  2:32  Command Center  
  23  2:36  Factory  
  23  2:40  SCV  
  24  3:00  Marine x2  
  24  3:01  Orbital Command  
  24  3:02  Refinery, SCV  
  26  3:17  Marine x2  
  26  3:18  SCV  
  29  3:22  Widow Mine  
  29  3:23  Starport  
  31  3:27  SCV  
  31  3:30  SCV  
  33  3:35  Marine x2  
  33  3:39  SCV  
  36  3:47  Widow Mine  
  37  3:50  Orbital Command  
  37  3:51  SCV  
  37  3:52  Refinery, SCV  
  39  3:56  Marine x2  
  39  4:01  Starport Tech Lab  
  41  4:08  Barracks  
  41  4:09  Factory Tech Lab  
  41  4:18  SCV x2  
  43  4:25  Raven  
  43  4:28  Marine x2  
  43  4:29  SCV  
  43  4:30  SCV  
  48  4:32  Barracks  
  48  4:35  Siege Tank  
  48  4:36  SCV  
  52  4:45  SCV x2  
  54  4:49  Supply Depot, Marine x2  
  56  4:57  SCV x2  
  58  5:01  SCV  
  59  5:09  SCV, Engineering Bay  
  59  5:10  Engineering Bay  
  60  5:15  Factory Reactor  
  60  5:16  Stimpack  
  60  5:21  SCV x2  
  60  5:22  SCV  
  60  5:25  Starport Reactor  
  60  5:26  Refinery  
  63  5:29  Marauder x2, Orbital Command, Marine  
  63  5:30  Marine  
  69  5:41  Supply Depot  
  69  5:42  Terran Infantry Armor Level 1, Terran Infantry Weapons Level 1  
  69  5:43  Supply Depot  
  69  5:46  SCV x2  
  71  5:54  SCV  
  71  5:57  Marauder x2, Marine  
  76  6:03  Widow Mine x2, Medivac, SCV, Marine  
  85  6:04  Medivac  
  87  6:17  Supply Depot  
  87  6:18  SCV x3  
  90  6:20  Supply Depot, Marine x3  
  93  6:37  Barracks  
  93  6:38  Barracks  
  93  6:39  Widow Mine, Medivac x2, SCV  
  100  6:41  SCV  
  100  6:42  Widow Mine, SCV  
  100  6:43  Marine  
  105  6:48  Supply Depot  
  105  6:50  Supply Depot  
  105  6:58  Marauder x2  
  109  7:03  Armory  
  109  7:04  Concussive Shells  
  109  7:06  Combat Shield  
  109  7:09  SCV x3, Marine x2  
  109  7:14  Medivac x2  
  118  7:18  Supply Depot, Marine  
  118  7:20  Supply Depot  
  118  7:21  SCV x2  
  118  7:22  SCV  
  118  7:32  Marauder  
  118  7:33  Barracks Tech Lab, Barracks Reactor, Marine  
  118  7:34  SCV  
  118  7:35  SCV x2  
  124  7:40  Marauder  
  124  7:43  Supply Depot  
  126  7:45  Refinery x2  
  126  7:47  SCV  
  115  7:55  Marine x4  
  115  7:56  Medivac x2  
  115  7:57  Widow Mine x2  
  115  7:58  SCV x2  
  124  8:03  Ghost Academy  
  124  8:11  Supply Depot, Marine x2, Marauder  
  128  8:13  Marine  
  128  8:15  Supply Depot  
  128  8:16  SCV  
  128  8:17  SCV x2  
  128  8:18  Supply Depot  
  132  8:20  Terran Infantry Weapons Level 2  
  132  8:22  Terran Infantry Armor Level 2  
  132  8:29  Medivac  
  132  8:30  Widow Mine  
  132  8:31  Widow Mine  
  132  8:33  SCV x3  
  141  8:42  Supply Depot  
  141  8:47  Command Center  
  143  8:58  Marine  
  143  8:59  Marine x2  
  150  9:05  Supply Depot  
  150  9:17  Marine  
  150  9:18  Marine x2  
  150  9:24  Medivac x2, Unknown x2  
  150  9:25  Marauder x2  
  150  9:26  Marauder, Unknown  
  150  9:30  Barracks  
  150  9:31  Barracks  
  158  9:32  Barracks  
  158  9:37  Liberator x2  
  153  9:39  Marine x4  
  149  9:46  Marauder x2  
  149  9:48  Marauder  
  150  9:55  Enhanced Shockwaves  
  150  9:59  Supply Depot x2  
  156  10:04  Marine  
  156  10:05  Marine  
  158  10:07  Marauder  
  158  10:09  Marine  
  158  10:13  Starport  
  158  10:14  Starport  
  154  10:21  Unknown  
  140  10:36  Unknown  
  140  10:37  Viking x2  
  140  10:38  Barracks Tech Lab x2, Marauder x3  
  140  10:39  Barracks Tech Lab  
  140  10:40  Barracks Reactor  
  140  10:41  Marine x2  
  152  10:43  Marine x2  
  154  10:56  Starport Reactor  
  154  10:57  Starport Tech Lab  
  154  10:59  Marauder, Fusion Core  
  153  11:06  Viking  
  153  11:07  Viking  
  147  11:22  Liberator x2  
  147  11:25  Marauder x2, Marine x3  
  116  11:26  Marauder x2, Marine x3  
  116  11:31  Marauder  
  110  11:36  Liberator  
  110  11:37  Liberator  
  110  11:38  Widow Mine  
  110  11:39  Widow Mine  
  116  11:43  Marine  
  116  11:47  Marauder x3  
  124  12:00  Marauder x2, Marine x2  
  124  12:01  Marine x4  
  133  12:05  Widow Mine  
  133  12:06  Widow Mine  
  133  12:07  Marine  
  133  12:08  Marine  
  140  12:18  Command Center  
  137  12:32  Supply Depot  
  137  12:33  Supply Depot  
  137  12:34  Supply Depot  
  137  12:35  Supply Depot  
  137  12:37  Liberator x2  
  134  12:48  Supply Depot  
  134  12:49  Supply Depot  
  134  12:50  Supply Depot  
  134  12:52  Supply Depot  
  134  12:57  Liberator x2  
  136  13:36  Marine x4  
Tags
 
Add a new tag
Caveats
  • Supply blocks, unpowered buildings, or Contaminate may cause inaccurate times.
  • Supply counts are checked every 10 seconds.